 Dungeon Crawl Stone Soup version 0.30.1 (webtiles) character file.

Game seed: 11934165131051310021

55 monsoonserge the Magician (level 4, -3/33 HPs)
             Began as a Djinni Warper on July 7, 2023.
             Killed from afar by Natasha (9 damage)
             ... with a magic dart
             ... on level 3 of the Dungeon.
             The game lasted 00:06:26 (1818 turns).

monsoonserge the Magician (Djinni Warper)           Turns: 1818, Time: 00:06:27

Health: -3/33      AC:  4    Str: 12    XL:     4   Next: 14%
Gold:   86         EV: 12    Int: 15    God:
                   SH:  0    Dex: 12

rFire   + + +        t - +0 morningstar
rCold   + . .        (no shield)
rNeg    . . .        o - +2 robe {rC+}
rPois   ∞            (no helmet)
rElec   .            l - scarf {rC+ rF+}
rCorr   .            (no gloves)
SInv    +            (boots unavailable)
Will    .....        (no amulet)
Stlth   +            v - ring of see invisible
HPRegen 0.25/turn    (no ring)
MPRegen 0.00/turn

%: infuse magic (-4 HP)
@: flying
A: sickness immunity, fire resistance 2, cold vulnerability 1, float, innate
caster, HP casting, extra vitality 1
a: no special abilities


You were on level 3 of the Dungeon.
You visited 1 branch of the dungeon, and saw 3 of its levels.

You collected 86 gold pieces.

Inventory:

Hand Weapons
 a - a +0 hand axe
 t - a +0 morningstar (weapon)
Missiles
 d - 7 boomerangs of dispersal (quivered)
Armour
 b - a +0 leather armour
 h - a +0 ring mail
 l - a scarf of resistance (worn)
 m - a +0 scale mail
 o - a +2 robe of cold resistance (worn)
Jewellery
 v - a ring of see invisible (left hand)
Scrolls
 c - a scroll of blinking
 e - a scroll of amnesia {unknown}
 i - 6 scrolls of identify {unknown}
 j - a scroll of fear {unknown}
 k - a scroll of enchant weapon {unknown}
 p - a scroll of magic mapping {unknown}
 q - a scroll of poison {unknown}
 s - a scroll of enchant armour {unknown}
Potions
 f - 2 potions of lignification {unknown}
 g - a potion of heal wounds {unknown}
 n - a potion of haste {unknown}
 r - a potion of ambrosia {unknown}
 u - a potion of magic {unknown}


   Skills:
 + Level 2.1 Fighting
 - Level 2.0 Axes
 + Level 0.2(1.2) Maces & Flails
 + Level 0.7 Throwing
 - Level 1.7 Armour
 + Level 2.4 Dodging
 * Level 3.0 Spellcasting


You knew the following spells:

 Your Spells              Type           Power      Damage    Failure   Level
a - Blink                 Tloc           22%        N/A       9%          2
b - Lesser Beckoning      Tloc           22%        N/A       9%          2
c - Vhi's Electric Charg  Tloc/Air       22%        N/A       17%         3
d - Teleport Other        Tloc           11%        N/A       17%         3
e - Manifold Assault      Tloc           11%        N/A       50%         4
f - Summon Small Mammal   Summ           44%        N/A       6%          1
Your spell library was empty.

Dungeon Overview and Level Annotations

Branches:
Dungeon (3/15)

Altars:

Annotations:
D:3 Natasha


Innate Abilities, Weirdness & Mutations

You are immune to sickness and miasma.
You are immune to poison.
Your flesh is very heat resistant. (rF++)
You are vulnerable to cold. (rC-)
You float through the air rather than walking.
You learn spells naturally, not from books.
Your magical power is your life essence.
You have superior vitality. (+4 MHP)


Message History

Confirm with . or Enter, or press ? or * to list all spells.
Okay, then.
Casting: Summon Small Mammal (safe; 6% risk of failure)
Confirm with . or Enter, or press ? or * to list all spells.
* * * LOW HITPOINT WARNING * * *
Natasha casts a spell at you. You resist with some effort.
The cerulean imp barely misses you.
You swap places.
Natasha mewls in sadness.
Natasha claws your rat.
Your rat dies!
Your rat's corpse disappears in a puff of smoke!
Natasha growls.
Casting: Summon Small Mammal (safe; 6% risk of failure)
Confirm with . or Enter, or press ? or * to list all spells.
* * * LOW HITPOINT WARNING * * *
The cerulean imp hits you from afar with a +1 spear.
* * * LOW HITPOINT WARNING * * *
Natasha casts a spell at you. You resist with some effort.
You swap places.
Your bat hits Natasha. Natasha claws your bat.
Your bat closely misses Natasha.
Casting: Summon Small Mammal (safe; 6% risk of failure)
Confirm with . or Enter, or press ? or * to list all spells.
* * * LOW HITPOINT WARNING * * *
Your bat hits Natasha. Natasha completely misses your bat.
Your bat hits Natasha.
Unknown command.
Your bat hits Natasha but does no damage.
Your bat closely misses Natasha.
Natasha claws your bat!
Your bat dies!
Your bat's corpse disappears in a puff of smoke!
Something claws your rat.
Your rat dies!
Your rat's corpse disappears in a puff of smoke!
Natasha howls an incantation.
Natasha's front paws start to glow.
Natasha stares at you and mumbles some strange words.
The magic dart hits you!
You die...

#.# #.##.######...# #.#
#.##.# ####...# #.#
###.##>###......# #.#
##[.........##..##
#.######.#..)..######..#
#.......###..#.........#
########.#..##.........#
##.#.############ ###@#
#.# #.# #h# ### #.#
##.###.# ##.#.##.#####
#)#.........#
##...##.###.#


You could see Natasha.

Vanquished Creatures
  2 dart slugs
  5 bats
  6 endoplasms
  7 goblins
  5 hobgoblins
  4 kobolds
  2 quokkas (D:1)
  4 ball pythons
  3 frilled lizards
  6 rats
44 creatures vanquished.

Vanquished Creatures (collateral kills)
  An orc (D:2)
1 creature vanquished.

Grand Total: 45 creatures vanquished

Notes
Turn   | Place    | Note
-------+----------+-------------------------------------------
     0 | D:1      | monsoonserge the Djinni Warper began the quest for the Orb.
     0 | D:1      | monsoonserge set off with the following spells memorised:
                  | Blink, Lesser Beckoning, Vhi's Electric Charge, Teleport
                  | Other, Manifold Assault.
     0 | D:1      | Reached XP level 1. HP: 18/18 MP: 0/0
   165 | D:1      | Reached XP level 2. HP: 19/23 MP: 0/0
   435 | D:1      | Reached XP level 3. HP: 28/28 MP: 0/0
   435 | D:1      | Learned a level 1 spell: Summon Small Mammal
  1178 | D:2      | Reached skill level 3 in Spellcasting
  1601 | D:3      | Reached XP level 4. HP: 33/33 MP: 0/0
  1787 | D:3      | Noticed Natasha
  1818 | D:3      | Killed from afar by Natasha

Illustrated notes

Levels and vault maps discovered:
D:1:      reono_arrival_mine, layout_basic, minivault_5, chequers_jeans
D:2:      layout_basic
D:3:      layout_loops_corners, led_xom_imps, minmay_checkerbox, uniq_natasha

Skill      XL: |  1  2  3 |
---------------+----------+-----
Spellcasting   | 3 |  3.0
Axes           | 2 |  2.0
Fighting       | |  2.1
Maces & Flails | |  0.2
Throwing       | |  0.7
Armour         | |  1.7
Dodging        | |  2.4

Action                     |  1- 3 |  4- 6 || total
---------------------------+-------+-------++-------
  Melee: Hand axe          |   122 |       ||   122
         Morningstar       |     6 |    27 ||    33
         Punch             |       |     1 ||     1
   Cast: Summon Small Mamm |     3 |     3 ||     6
         Blink             |     1 |       ||     1
   Stab: Sleeping          |     1 |       ||     1
 Armour: Leather armour    |     2 |       ||     2
         Ring mail         |    27 |       ||    27
         Robe              |    13 |     4 ||    17
  Dodge: Dodged            |    77 |    19 ||    96
